 Dungeon Crawl Stone Soup version 0.31-a0-516-gfcb59812bd (webtiles) character file.

Game seed: 1165503207737902426

63079 Gargoyl the Severer (level 15, -6/99 HPs)
             Began as a Gargoyle Berserker on Aug 10, 2023.
             Was a Priest of Trog.
             Mangled by an ettin
             ... wielding a +0 dire flail
              (15 damage)
             ... on level 13 of the Dungeon.
             The game lasted 00:25:24 (17550 turns).

Gargoyl the Severer (Gargoyle Berserker)           Turns: 17550, Time: 00:25:25

Health: -6/99      AC: 27    Str: 28    XL:     15   Next: 8%
Magic:  15/15      EV: 19    Int: 10    God:    Trog [***...]
Gold:   1421       SH: 13    Dex: 15    Spells: 14/14 levels left

rFire   . . .        D - +10 falchion of Piopsuodde {flame, rN+ Stlth+}
rCold   . . .        j - +1 buckler
rNeg    + + +        f - +3 ring mail {Will+}
rPois   ∞            n - +2 helmet
rElec   +            l - +2 cloak
rCorr   .            (no gloves)
SInv    .            (no boots)
Will    +++..        t - amulet of reflection
Stlth   +++          c - +6 ring of strength
HPRegen 0.36/turn    I - ring "Qosel" {rN+ Will+ EV+5 Int+2}
MPRegen 0.14/turn

%: reflection
@: flying
A: sickness immunity, AC +11, big wings, negative energy resistance 1,
electricity resistance, torment resistance 1, petrification resistance, mutation
resistance 1
a: Renounce Religion, Berserk, Trog's Hand


You were on level 13 of the Dungeon.
You worshipped Trog.
Trog was most pleased with you.
You visited 2 branches of the dungeon, and saw 18 of its levels.
You also visited: Sewer and Gauntlet.

You collected 1421 gold pieces.

Inventory:

Hand Weapons
 a - a +3 hand axe of venom
 p - a +1 war axe of freezing
 D - the +10 falchion of Piopsuodde (weapon) {flame, rN+ Stlth+}
   (You took it off an orc wizard on level 12 of the Dungeon)

   rN+:       It protects you from negative energy.
   Stlth+:    It makes you more stealthy.
Missiles
 x - 40 poisoned darts (quivered)
Armour
 f - a +3 ring mail of willpower (worn)
 j - a +1 buckler (worn)
 l - a +2 cloak (worn)
 n - a +2 helmet (worn)
Jewellery
 c - a +6 ring of strength (left hand)
 i - a +5 ring of evasion
 t - an amulet of reflection (around neck)
 z - a ring of protection from fire
 F - a +6 ring of strength
 H - a ring of protection from fire
 I - the ring "Qosel" (right hand) {rN+ Will+ EV+5 Int+2}
   (You found it on level 5 of the Lair of Beasts)

   [ring of evasion]

   EV+5:      It affects your evasion (+5).
   Int+2:     It affects your intelligence (+2).
   rN+:       It protects you from negative energy.
   Will+:     It increases your willpower.
Wands
 h - a wand of flame (17)
 m - a wand of iceblast (27)
 u - a wand of charming (17)
 B - a wand of digging (12)
 C - a wand of quicksilver (8)
 E - a wand of mindburst (9)
Scrolls
 k - 3 scrolls of identify
 r - 2 scrolls of silence
 y - 2 scrolls of teleportation
 A - a scroll of fog
 J - a scroll of blinking
Potions
 b - 10 potions of curing
 d - 6 potions of heal wounds
 e - 2 potions of haste
 g - a potion of enlightenment
 o - 5 potions of might
 q - 2 potions of berserk rage
 s - 2 potions of ambrosia
 v - 4 potions of brilliance
 w - a potion of lignification
 G - a potion of resistance
 K - 3 potions of mutation
 L - a potion of cancellation {unknown}


   Skills:
 + Level 13.2 Fighting
 + Level 15.9 Axes
 + Level 1.2 Throwing
 + Level 8.5 Armour
 + Level 7.6 Dodging
 + Level 4.3 Stealth
 + Level 11.9 Shields


You had 14 spell levels left.
You didn't know any spells.
Your spell library was empty.

Dungeon Overview and Level Annotations

Branches:
Dungeon (13/15)            Temple (0/1) D:7            Lair (5/5) D:11
 Shoals (0/4) Lair:3        Snake (0/4) Lair:3        Slime (0/5) Lair:5
    Orc (0/2) D:9           Sewer (visited)         Gauntlet (visited)
 Vaults: D:13-14

Altars:
Elyvilon
Fedhas
Hepliaklqana
Nemelex Xobeh
Okawaru
Sif Muna
Uskayaw
Vehumet
Xom
Zin
The Shining One
Jiyva
Lugonu

Shops:
D:9 =

Portals:
Abyss: Lair:5

Annotations:
Lair:2 1 runed translucent door, temitten's ghost, journeyman DrCj


Innate Abilities, Weirdness & Mutations

You are immune to sickness and miasma.
Your stone body is resilient. (AC +11)
You are immune to poison.
Your large and strong wings let you fly.
You resist negative energy. (rN+)
You are resistant to electric shocks. (rElec)
You are resistant to unholy torment.
You are immune to petrification.
You are somewhat resistant to further mutation.


Message History

You hit the phantasmal warrior. You burn the phantasmal warrior.
The phantasmal warrior is severely damaged.
You feel the effects of Trog's Hand fading.
You block the phantasmal warrior's attack.
The phantasmal warrior hits you.
You slash the phantasmal warrior! You burn the phantasmal warrior.
The phantasmal warrior is almost destroyed.
You block the phantasmal warrior's attack.
You hit the phantasmal warrior. You burn the phantasmal warrior.
You destroy the phantasmal warrior!
Trog accepts your kill.
Your skin stops crawling.
You feel less strong-willed.
You recover from your berserk rage.
There is an open door here.
An ettin comes into view. It is wielding two +0 dire flails.
An ettin is nearby!
An ettin is nearby!
The helpless ettin fails to defend itself.
You hit the ettin. You burn the ettin.
The ettin is lightly wounded.
The ettin misses you.
The ettin hits you with a +0 dire flail!!
You block the ettin's attack. x2
You barely miss the ettin.
The ettin is lightly wounded.
The ettin completely misses you. You block the ettin's attack.
You slice the ettin!! You burn the ettin.
The ettin is moderately wounded.
The ettin hits you with a +0 dire flail!!
You block the ettin's attack.
You slash the ettin! You burn the ettin.
The ettin is heavily wounded.
The ettin barely misses you. The ettin closely misses you.
You hit the ettin. You burn the ettin.
The ettin is severely wounded.
You block the ettin's attack.
The ettin hits you with a +0 dire flail!! x2
* * * LOW HITPOINT WARNING * * *
The ettin hits you with a +0 dire flail!
You die...

#.###....##.######..##
#.######.............#
#.#....####.#...##.#.#
#.'.).....###.>..#...#
###.†.......##.#...###
########'#####.###
#...###...#.##.#
#.C...##..'.##.#
#..@...##.#..###
##+####.###..#
#..##..## #..##)..#
#...#...# #...'...#
#...#...# #########


You could see an ettin.

Vanquished Creatures
  Rupert (D:13)
  A minotaur (Gauntlet)
  A blizzard demon (Gauntlet)
  Fannar (D:10)
  A hydra (Lair:5)
  A two-headed ogre (D:13)
  2 centaur warriors (D:13)
  2 boulder beetles
  8 death yaks (Lair:5)
  2 death scarabs (Gauntlet)
  2 thrashing horrors (Lair:5)
  Urug (Lair:3)
  2 skysharks (Lair:5)
  8 skeletal warriors (D:12)
  A spectral death yak (Gauntlet)
  A phantasmal warrior (D:13)
  A spectral hydra (Gauntlet)
  11 ugly things
  A manticore (D:13)
  2 cyclopes (D:12)
  Joseph (D:9)
  A water nymph (Lair:3)
  3 black mambas
  9 cane toads
  A gargoyle (D:13)
  2 smoke demons (Lair:5)
  A kobold demonologist (D:11)
  Maggie (Lair:2)
  7 komodo dragons
  A rime drake (Lair:2)
  An ice devil (Gauntlet)
  A yaktaur (D:13)
  An efreet (D:13)
  A troll (shapeshifter) (Lair:5)
  5 trolls
  A polar bear (Lair:4)
  A hornet (D:9)
  20 blink frogs
  A raiju (Lair:5)
  A spriggan (Lair:5)
  A spectral black mamba (Gauntlet)
  3 shadows
  2 wraiths
  2 vampires (D:12)
  2 centaur simulacra (D:13)
  A ynoxinul (Lair:5)
  38 yaks
  3 wyverns
  Eustachio (D:6)
  2 chaos spawn (Lair:5)
  A spectral komodo dragon (Gauntlet)
  8 vampire mosquitoes
  6 basilisks
  2 steam dragons
  3 nagas (Lair:3)
  2 large abominations (Lair:5)
  4 acid dragons
  3 swamp worms (Gauntlet)
  12 water moccasins
  8 small abominations (Lair:5)
  A black bear (D:7)
  4 orc warriors
  Duvessa (D:5)
  A swamp drake (D:9)
  2 ice beasts
  An ogre (D:6)
  4 boggarts (Lair:5)
  14 wolves
  8 centaurs
  3 kobold brigands
  13 bullfrogs
  A gnoll sergeant (D:9)
  3 scorpions
  Dowan (D:5)
  8 killer bees
  4 howler monkeys
  3 electric eels (D:11)
  5 jellies
  4 hounds
  8 orc priests
  3 iguanas (D:5)
  2 sleepcaps
  8 orc wizards
  Robin (D:3)
  11 adders
  11 gnolls
  4 white imps
  A worm (D:3)
  3 dart slugs
  32 orcs
  4 ball pythons
  4 endoplasms
  4 giant cockroaches
  7 goblins
  18 hobgoblins
  4 jackals (D:1)
  12 kobolds
  6 quokkas
  5 bats
  5 frilled lizards
  7 rats
455 creatures vanquished.

Vanquished Creatures (collateral kills)
  A hydra (Lair:5)
  2 death yaks (Lair:5)
  A boulder beetle (D:12)
  An orc warrior (D:12)
  An orc wizard (D:12)
  An orc (D:12)
7 creatures vanquished.

Vanquished Creatures (others)
  Nessos (D:12)
  A kobold (D:8)
2 creatures vanquished.

Grand Total: 464 creatures vanquished

Notes
Turn   | Place    | Note
-------+----------+-------------------------------------------
     0 | D:1      | Gargoyl the Gargoyle Berserker began the quest for the Orb.
     0 | D:1      | Reached XP level 1. HP: 14/14 MP: 1/1
    47 | D:1      | Reached XP level 2. HP: 5/19 MP: 2/2
    50 | D:1      | Reached skill level 3 in Axes
   372 | D:1      | Reached XP level 3. HP: 21/24 MP: 3/3
  1123 | D:2      | Reached XP level 4. HP: 29/29 MP: 4/4
  1733 | D:3      | Found a hide-covered altar of Uskayaw.
  1881 | D:3      | Reached ** piety under Trog
  2117 | D:3      | Noticed Robin
  2128 | D:3      | Killed Robin
  2129 | D:3      | Reached skill level 4 in Axes
  2257 | D:4      | Reached XP level 5. HP: 33/33 MP: 5/5
  2457 | D:4      | Found a glowing drain.
  2480 | Sewer    | Entered a sewer
  3073 | D:4      | Reached skill level 1 in Stealth
  3073 | D:4      | Reached XP level 6. HP: 38/38 MP: 6/6
  3208 | D:4      | Reached skill level 5 in Axes
  3208 | D:4      | Reached skill level 1 in Shields
  3266 | D:4      | Found a glowing silver altar of Zin.
  3266 | D:4      | Noticed an angel
  3303 | D:5      | Entered Level 5 of the Dungeon
  3389 | D:5      | Reached XP level 7. HP: 23/44 MP: 7/7
  3664 | D:5      | Reached skill level 6 in Axes
  3705 | D:5      | Noticed Duvessa
  3706 | D:5      | Noticed Dowan
  3723 | D:5      | Killed Duvessa
  3729 | D:5      | Killed Dowan
  3730 | D:5      | Reached skill level 5 in Fighting
  4029 | D:5      | Reached XP level 8. HP: 43/49 MP: 8/8
  4175 | D:5      | Found an iron altar of Okawaru.
  4395 | D:6      | Noticed Eustachio
  4416 | D:6      | Killed Eustachio
  4477 | D:6      | Reached skill level 7 in Axes
  5112 | D:7      | Found a staircase to the Ecumenical Temple.
  5129 | D:7      | Reached XP level 9. HP: 55/55 MP: 9/9
  5204 | D:7      | Reached *** piety under Trog
  5298 | D:7      | Found a shimmering altar of Xom.
  5329 | D:7      | Reached skill level 8 in Axes
  5399 | D:7      | Found a sparkling altar of Nemelex Xobeh.
  5694 | D:7      | Found a shimmering blue altar of Sif Muna.
  6099 | D:8      | Reached skill level 5 in Armour
  6218 | D:8      | Found a radiant altar of Vehumet.
  6220 | D:8      | Noticed a red ugly thing
  6237 | D:8      | Killed a red ugly thing
  6238 | D:8      | Reached skill level 9 in Axes
  6242 | D:8      | Reached XP level 10. HP: 37/63 MP: 10/10
  6408 | D:8      | Found a blossoming altar of Fedhas.
  6645 | D:8      | Found a white marble altar of Elyvilon.
  6684 | D:9      | Gained mutation: You have a pair of small antennae on your
                  | head. [potion of mutation]
  6684 | D:9      | Gained mutation: You are partially covered in iridescent
                  | scales. (AC +2) [potion of mutation]
  6684 | D:9      | Gained mutation: You occasionally lose the ability to drink
                  | potions when taking damage. [potion of mutation]
  6712 | D:9      | Found Mecula Ishu's Jewellery Shoppe.
  6735 | D:9      | Noticed Joseph
  6750 | D:9      | Killed Joseph
  6912 | D:9      | Reached skill level 10 in Axes
  6927 | D:9      | Lost mutation: You have a pair of small antennae on your
                  | head. [potion of mutation]
  6927 | D:9      | Lost mutation: You occasionally lose the ability to drink
                  | potions when taking damage. [potion of mutation]
  6927 | D:9      | Lost mutation: You are partially covered in iridescent
                  | scales. (AC +2) [potion of mutation]
  6927 | D:9      | Gained mutation: You are weak. (Str -2) [potion of
                  | mutation]
  6927 | D:9      | Gained mutation: You sometimes lose your temper in combat.
                  | [potion of mutation]
  6927 | D:9      | Gained mutation: You are somewhat resistant to further
                  | mutation. [potion of mutation]
  7153 | D:9      | Found a staircase to the Orcish Mines.
  7171 | D:9      | Reached skill level 5 in Shields
  7504 | D:9      | Found a glowing golden altar of the Shining One.
  7911 | D:9      | Lost mutation: You are weak. (Str -2) [potion of mutation]
  7911 | D:9      | Lost mutation: You are somewhat resistant to further
                  | mutation. [potion of mutation]
  7911 | D:9      | Lost mutation: You sometimes lose your temper in combat.
                  | [potion of mutation]
  7911 | D:9      | Gained mutation: Your spells are a little harder to cast,
                  | but a little more powerful. [potion of mutation]
  7911 | D:9      | Lost mutation: Your spells are a little harder to cast, but
                  | a little more powerful. [potion of mutation]
  7911 | D:9      | Gained mutation: You are somewhat resistant to further
                  | mutation. [potion of mutation]
  8012 | D:10     | Entered Level 10 of the Dungeon
  8027 | D:10     | Reached XP level 11. HP: 69/69 MP: 11/11
  8108 | D:10     | Noticed Fannar
  8133 | D:10     | Killed Fannar
  8134 | D:10     | Reached skill level 11 in Axes
  8499 | D:10     | Noticed a glowing orange brain
  8618 | D:10     | Found a hazy altar of Hepliaklqana.
  8821 | D:11     | Noticed a brown ugly thing
  8822 | D:11     | Found a staircase to the Lair.
  8829 | D:11     | Reached **** piety under Trog
  8834 | D:11     | Killed a brown ugly thing
  8924 | D:11     | Reached skill level 5 in Dodging
  9675 | Lair:1   | Entered Level 1 of the Lair of Beasts
  9764 | Lair:1   | Reached skill level 12 in Axes
  9814 | Lair:1   | Noticed a boulder beetle
  9892 | Lair:1   | Killed a boulder beetle
  9939 | Lair:1   | Reached XP level 12. HP: 40/76 MP: 12/12
 10815 | Lair:2   | Noticed Maggie
 10829 | Lair:2   | Killed Maggie
 10840 | Lair:2   | Found a runed translucent door.
 10861 | Lair:2   | Found a shimmering altar of Xom.
 10861 | Lair:2   | Noticed temitten's ghost (journeyman DrCj)
 10992 | Lair:2   | You fall into a shaft and drop 1 floor!
 10997 | Lair:3   | Noticed Urug
 11007 | Lair:3   | Killed Urug
 11022 | Lair:3   | Reached skill level 1 in Throwing
 11101 | Lair:3   | Reached skill level 13 in Axes
 11199 | Lair:3   | Found a staircase to the Shoals.
 11265 | Lair:3   | Reached skill level 10 in Fighting
 11524 | Lair:3   | Found a staircase to the Snake Pit.
 12262 | Lair:4   | Noticed a boulder beetle
 12282 | Lair:4   | Killed a boulder beetle
 12577 | Lair:4   | Reached XP level 13. HP: 83/83 MP: 13/13
 12717 | Lair:5   | Entered Level 5 of the Lair of Beasts
 13019 | Lair:5   | Reached skill level 14 in Axes
 13670 | Lair:5   | Reached skill level 10 in Shields
 14061 | Lair:5   | Found a corrupted altar of Lugonu.
 14061 | Lair:5   | Found a one-way gate to the infinite horrors of the Abyss.
 14064 | Lair:5   | Gained mutation: Your large and strong wings let you fly.
                  | [Gargoyle growth]
 14064 | Lair:5   | Reached XP level 14. HP: 83/91 MP: 14/14
 14196 | Lair:5   | Found a viscous altar of Jiyva.
 14196 | Lair:5   | Found a staircase to the Slime Pits.
 14522 | Lair:5   | Reached skill level 15 in Axes
 14610 | Lair:5   | Identified the ring "Qosel" {rN+ Will+ EV+5 Int+2}
 15396 | D:12     | Identified the +10 falchion of Piopsuodde {flame, rN+
                  | Stlth+}
 15463 | D:12     | Found a gate leading to a gauntlet.
 15505 | Gauntlet | Entered a Gauntlet
 15505 | Gauntlet | Found a transporter.
 15505 | Gauntlet | Found a transporter.
 15580 | Gauntlet | Found a transporter.
 15626 | Gauntlet | Found a transporter.
 15626 | Gauntlet | Found a transporter.
 15634 | Gauntlet | Found a transporter.
 15666 | Gauntlet | Found a transporter.
 15674 | Gauntlet | Found a transporter.
 15677 | Gauntlet | Found a transporter.
 15717 | Gauntlet | Found a transporter.
 15767 | Gauntlet | Found a transporter.
 15767 | Gauntlet | Found a transporter.
 16371 | D:12     | Noticed Nessos
 16377 | D:12     | Killed Nessos
 17008 | D:13     | Noticed Rupert
 17024 | D:13     | Killed Rupert
 17293 | D:13     | Reached XP level 15. HP: 98/98 MP: 15/15
 17550 | D:13     | Mangled by an ettin

Illustrated notes

Levels and vault maps discovered:
D:1:      enne_arrival_octagon_isle, layout_loops_cross, serial_forest,
          infiniplex_forest_end_3, infiniplex_forest_3_way,
          infiniplex_forest_zigzag_1, infiniplex_forest_straight_2,
          infiniplex_forest_fountain, item_on_display_a
D:2:      layout_basic, minivault_4
D:3:      layout_basic, nicolae_uskayaw_dance_hall, uniq_robin
D:4:      layout_loops_ring, zin_angel, portal_sewer_entry_f
D:5:      layout_loops_ring, pf_just_have_faith, kennysheep_generic_room_15,
          uniq_duvessa
D:6:      layout_gridville, uniq_eustachio
D:7:      layout_basic, dk_xom_monty_hall,
          mainiacjoe_overflow_concentric_impassable, kennysheep_mini,
          minmay_temple_entry_arrows
D:8:      layout_rooms, fedhas_altar_3, marbit_many_paths,
          nicolae_vehumet_radiance, grunt_decor_cap
D:9:      layout_layer_cave, mainiacjoe_overflow_six_doors_small, erik_orc_1,
          serial_shops, shop, enter_bailey_8, uniq_joseph
D:10:     layout_rooms, mainiacjoe_overflow_brackets, dk_vineyard_1,
          wad_dig_loot, uniq_fannar
D:11:     layout_cave_pods, erik_lair_island
D:12:     layout_long_grid, gauntlet_entry_generic, uniq_nessos
D:13:     minmay_sliced_demisemicircle, layout_basic, uniq_rupert
Lair:1:   layout_cave_pods
Lair:2:   layout_long_grid, ebering_ghost_xom, uniq_maggie
Lair:3:   layout_chaotic_city, nicolae_shoals_entry_flooding,
          nicolae_snake_entry_squirm, uniq_urug
Lair:4:   layout_loops_ring, lemuel_fruit_fields
Lair:5:   hellmonk_lair_end_abyssal_woods, layout_regular_city, slime_entry_1,
          chequers_serial_rivers_room_b, kilobyte_rumbling_trees

Skill      XL: |  1  2  3  4  5  6  7  8  9 10 11 12 13 14 |
---------------+-------------------------------------------+-----
Axes           | 3 4 5 6 7 9 10 12 13 14 15 | 15.9
Fighting       | 4 5 6 7 8 9 10 11 13 | 13.2
Dodging        | 2 3 4 5 6 7 |  7.6
Stealth        | 1 2 3 4 |  4.3
Shields        | 1 2 3 4 6 7 9 10 11 | 11.9
Armour         | 3 4 5 6 7 8 |  8.5
Throwing       | 1 |  1.2

Action                     |  1- 3 |  4- 6 |  7- 9 | 10-12 | 13-15 || total
---------------------------+-------+-------+-------+-------+-------++-------
  Melee: Hand axe          |    92 |   185 |   129 |       |    52 ||   458
         War axe           |       |       |   122 |   556 |   689 ||  1367
         Falchion          |       |       |       |       |    16 ||    16
  Throw: Dart              |       |       |       |     5 |     2 ||     7
 Invoke: Berserk           |     2 |     2 |     3 |     8 |    18 ||    33
         Trog's Hand       |       |     1 |     2 |     9 |    15 ||    27
         Brothers in Arms  |       |       |       |       |     4 ||     4
  Evoke: Wand              |       |       |       |     1 |       ||     1
    Use: Scroll            |     6 |     6 |     8 |    10 |     5 ||    35
         Potion            |       |       |       |     5 |       ||     5
   Stab: Sleeping          |       |       |       |     2 |     2 ||     4
         Distracted        |       |       |       |       |     2 ||     2
 Armour: Animal skin       |    24 |       |       |       |       ||    24
         Ring mail         |    21 |    58 |   148 |   192 |   243 ||   662
         Chain mail        |       |    28 |       |       |       ||    28
  Dodge: Dodged            |    67 |    90 |   186 |   287 |   438 ||  1068
  Block: Buckler           |       |    31 |    65 |   296 |   413 ||   805
         Reflection        |       |       |       |     2 |    12 ||    14

Table legend: (Time is in decaauts)
 A = Elapsed time spent in this place.
 B = Non-inter-level travel time spent in this place.
 C = Inter-level travel time spent in this place.
 D = Time resting spent in this place.
 E = Time spent auto-exploring this place.
 F = Levels seen in this place.
 G = Mean time per level.
                   A        B        C        D        E       F      G
               +--------+--------+--------+--------+--------+-----+--------+
         Total |  17728 |  17103 |    625 |    711 |  12015 |  20 |  886.4 |
       Dungeon |  11428 |  11042 |    386 |     84 |   8451 |  13 |  879.1 |
          Lair |   5365 |   5127 |    238 |    484 |   3192 |   5 | 1073.0 |
         Sewer |    416 |    416 |      0 |      0 |    276 |   1 |  416.0 |
      Gauntlet |    518 |    518 |      0 |    142 |     96 |   1 |  518.0 |
               +--------+--------+--------+--------+--------+-----+--------+

Top non-repeatable levels by time:
  Lair:5: 2223 daAuts
     D:9: 1488 daAuts
    D:12: 1220 daAuts
     D:7: 1054 daAuts
  Lair:1: 1045 daAuts
  Lair:4: 984 daAuts
     D:5: 928 daAuts
    D:11: 891 daAuts
     D:2: 845 daAuts
     D:1: 809 daAuts
  Lair:3: 784 daAuts
     D:4: 766 daAuts
     D:6: 755 daAuts
    D:10: 706 daAuts
    D:13: 704 daAuts
